 Dungeon Crawl Stone Soup version 0.24-a0-412-ge138f7e (webtiles) character file.

Game seed: 16095038529806980077

239 Deathlysoul the Skirmisher (level 5, -2/48 HPs)
             Began as a Minotaur Fighter on June 6, 2019.
             Slain by an orc (3 damage)
             ... on level 4 of the Dungeon.
             The game lasted 00:03:43 (2915 turns).

Deathlysoul the Skirmisher (Minotaur Fighter)       Turns: 2915, Time: 00:03:44

Health: -2/48      AC:  7    Str: 26    XL:     5   Next: 79%
Magic:  4/4        EV:  8    Int:  5    God:
Gold:   155        SH: 10    Dex: 10    Spells: 4/4 levels left

rFire    . . .     SeeInvis .   a - +0 flail
rCold    . . .     Gourm    .   c - +0 shield
rNeg     . . .     Faith    .   b - +0 scale mail
rPois    .         Spirit   .   (helmet restricted)
rElec    .         Reflect  .   (no cloak)
rCorr    .         Harm     .   (no gloves)
MR       .....                  (no boots)
Stlth    ..........             (no amulet)
HPRegen  0.16/turn              (no ring)
MPRegen  0.09/turn              (no ring)

@: mighty
A: retaliatory headbutt, horns 2
a: no special abilities


You were on level 4 of the Dungeon.
You were not hungry.

You visited 1 branch of the dungeon, and saw 4 of its levels.

You collected 155 gold pieces.

Inventory:

Hand Weapons
 a - a +0 flail (weapon)
Missiles
 o - 32 bolts
 p - 30 poisoned darts (quivered)
Armour
 b - a +0 scale mail (worn)
 c - a +0 shield (worn)
 s - a +0 cloak
Jewellery
 r - a +3 amulet of reflection {unknown}
 v - a cursed ring of teleportation {unknown}
Wands
 u - a wand of polymorph (10)
Scrolls
 h - a scroll of blinking {unknown}
 j - a scroll of enchant weapon {unknown}
 k - 2 scrolls of remove curse {unknown}
 l - 7 scrolls of identify {unknown}
 m - 4 scrolls of magic mapping {unknown}
 n - a scroll of fear {unknown}
 t - a scroll of teleportation {unknown}
Potions
 e - a potion of resistance {unknown}
 g - 8 potions of curing {unknown}
 i - a potion of ambrosia {unknown}
 q - a potion of agility
Comestibles
 f - 10 rations
 w - a chunk of flesh


   Skills:
 * Level 5.1 Fighting
 * Level 4.1 Maces & Flails
 * Level 5.0 Armour
 * Level 5.0 Shields


You had 4 spell levels left.
You didn't know any spells.
Your spell library was empty.

Dungeon Overview and Level Annotations

Branches:
Dungeon (4/15)
 Temple: D:4-7

Altars:
Vehumet
Xom


Innate Abilities, Weirdness & Mutations

You reflexively headbutt those who attack you in melee.
You have a pair of horns on your head.


Message History

The orc is heavily wounded.
The orc priest invokes the aid of Beogh against you.
Beogh smites you! You block the orc's attack. The orc hits you.
* * * LOW HITPOINT WARNING * * *
The orc priest hits you with a +0 whip.
* * * LOW HITPOINT WARNING * * *
You barely miss the orc priest.
The orc priest is moderately wounded.
You block the orc's attack. x2; The orc hits you.
* * * LOW HITPOINT WARNING * * *
The orc priest calls down the wrath of Beogh upon you.
Pain shoots through your body!
* * * LOW HITPOINT WARNING * * *
The orc hits you.
* * * LOW HITPOINT WARNING * * *
Unknown command.
Unknown command.
You feel very mighty all of a sudden. The orc hits you.
You die...

#...........#..#
#..##
###.........#..#
#####
##.......###.## #
###.....#
#..###### .#
###..####........
...##
######......)..
.....##
##......##..
......o##
##....######.
.....oo@####..####
#. .....loo..#..##
## .........#..##
# .......##..##
......##.###
....###.# #.## #.#
## ##


You could see an iguana, an orc priest and 4 orcs.

Vanquished Creatures
  3 orc wizards
  Robin (D:3)
  3 gnolls
  An ooze (D:3)
  5 dart slugs
  A worm (D:2)
  2 leopard geckos (D:4)
  11 orcs
  4 giant cockroaches
  13 goblins
  16 hobgoblins
  5 jackals
  A quokka (D:4)
  2 ball pythons
  8 bats
  2 frilled lizards
  A jackal zombie (D:2)
  7 kobolds
  A leopard gecko skeleton (D:4)
  A leopard gecko zombie (D:4)
  4 rats
92 creatures vanquished.

Notes
Turn   | Place    | Note
-------+----------+-------------------------------------------
     0 | D:1      | Deathlysoul the Minotaur Fighter began the quest for the
                  | Orb.
     0 | D:1      | Reached XP level 1. HP: 19/19 MP: 0/0
   260 | D:1      | Reached XP level 2. HP: 25/27 MP: 1/1
   549 | D:1      | You fall into a shaft and drop 1 floor!
   641 | D:1      | Reached XP level 3. HP: 33/33 MP: 2/2
  1375 | D:3      | Reached XP level 4. HP: 35/41 MP: 3/3
  1874 | D:3      | Found a radiant altar of Vehumet.
  1920 | D:3      | Noticed Robin
  1924 | D:3      | Reached XP level 5. HP: 46/47 MP: 4/4
  1936 | D:3      | Killed Robin
  2083 | D:3      | Found a shimmering altar of Xom.
  2085 | D:3      | Found a glowing golden altar of the Shining One.
  2085 | D:3      | Found a hide-covered altar of Uskayaw.
  2087 | D:3      | Found a shimmering altar of Xom.
  2087 | D:3      | Found an iron altar of Okawaru.
  2087 | D:3      | Found a burning altar of Makhleb.
  2704 | D:4      | Reached skill level 5 in Fighting
  2704 | D:4      | Reached skill level 5 in Armour
  2704 | D:4      | Reached skill level 5 in Shields
  2914 | D:4      | HP: 2/48 [orc priest/nerve-wracking pain (7)]
  2915 | D:4      | Slain by an orc

Levels and vault maps discovered:
D:1:      lemuel_arrival_hallway, layout_loops_corners, minmay_tripent
D:2:      layout_rooms
D:3:      layout_rooms, marbit_many_paths, corexii_corridor_pit,
          doesnt_xom_only_xom, uniq_robin
D:4:      layout_cave_pods

Skill      XL: |  1  2  3  4  5 |
---------------+----------------+-----
Fighting       | 4 5 |  5.1
Armour         | 4 5 |  5.0
Shields        | 4 5 |  5.0
Maces & Flails | 3 4 |  4.1

Action                   |  1- 3 |  4- 6 || total
-------------------------+-------+-------++-------
Melee: Flail             |   107 |   138 ||   245
       Headbutt          |     7 |    24 ||    31
  Use: Potion            |       |     1 ||     1
 Stab: Distracted        |       |     1 ||     1
  Eat: Chunk             |     2 |     5 ||     7
Armor: Scale mail        |    65 |    55 ||   120
Dodge: Dodged            |    37 |    48 ||    85
Block: Shield            |    60 |    70 ||   130

Table legend:
 A = Non-vault XP
 B = Vault XP
 C = Vault XP percentage of total XP
 D = Non-vault monster count
 E = Vault monster count
 F = Vault count percentage of total count
                 A         B        C        D         E       F
            +---------+---------+-------+---------+---------+-------
      Total |     301 |      41 |  12.0 |      77 |      15 |  16.3
            +---------+---------+-------+---------+---------+-------
        D:1 |      44 |       3 |   6.4 |      20 |       2 |   9.1
        D:2 |      22 |       0 |   0.0 |      13 |       0 |   0.0
        D:3 |     141 |      38 |  21.2 |      29 |      13 |  31.0
        D:4 |      94 |       0 |   0.0 |      15 |       0 |   0.0
            +---------+---------+-------+---------+---------+-------
